PBL
LOS ANGELES ANGELS @ CLEVELAND INDIANS
07/01/2071
 
TOP OF THE 1ST
Los Angeles Angels batting - Pitching for Cleveland Indians : RHP Joe Thompson
Pitching: RHP Joe Thompson
Batting: LHB Kenzaburo Sato 0-0: Ball
1-0: Ball
2-0: Foul Ball, location: 9LSF
2-1: Bunt for hit to 13S - play at first, batter OUT! 1-3
Batting: SHB Jeff Vaughn 0-0: Called Strike
0-1: Foul Ball, location: 7LSF
0-2: Ball
1-2: Ball
2-2: Strikes out swinging
Batting: LHB Ma-huan Yan 0-0: Foul Ball, location: 2F
0-1: Called Strike
0-2: Strikes out swinging
Top of the 1st over - 0 runs, 0 hits, 0 errors, 0 left on base; Los Angeles 0 - Cleveland 0
BOTTOM OF THE 1ST
Cleveland Indians batting - Pitching for Los Angeles Angels : RHP Nathan Rose
Pitching: RHP Nathan Rose
Batting: RHB Cisco Reyes 0-0: Called Strike
0-1: Ball
1-1: Ground out 5-3 (Groundball, 5S, EV 70.0 MPH)
Batting: LHB Jorge Morán 0-0: Called Strike
0-1: Fly out, F7 (Flyball, 7D, EV 105.0 MPH)
Batting: LHB Tony Locke 0-0: Ball
1-0: Swinging Strike
1-1: Swinging Strike
1-2: Foul Ball, location: 9LMFF
1-2: Strikes out looking
Bottom of the 1st over - 0 runs, 0 hits, 0 errors, 0 left on base; Los Angeles 0 - Cleveland 0
TOP OF THE 2ND
Los Angeles Angels batting - Pitching for Cleveland Indians : RHP Joe Thompson
Batting: RHB Raúl Galló 0-0: SINGLE (Groundball, 34D, EV 99.4 MPH)
Batting: RHB Craig Martin 0-0: Grounds into double play, 6-4-3 (Groundball, 6, EV 101.3 MPH)
Batting: RHB Duncan Phillips 0-0: SOLO HOME RUN (Flyball, 7D, EV 97.5 MPH), Distance : 386 ft
Batting: RHB Tony Mora 0-0: Ball
1-0: Called Strike
1-1: Called Strike
1-2: Strikes out swinging
Top of the 2nd over - 1 run, 2 hits, 0 errors, 0 left on base; Los Angeles 1 - Cleveland 0
BOTTOM OF THE 2ND
Cleveland Indians batting - Pitching for Los Angeles Angels : RHP Nathan Rose
Batting: RHB Mike Robinson 0-0: Foul Ball, location: 5SF
0-1: Called Strike
0-2: Foul Ball, location: 9LSF
0-2: Fly out, F7 (Flyball, 78M, EV 88.1 MPH)
Batting: LHB Ralph Brunskill 0-0: SINGLE (Groundball, 34S, EV 60.6 MPH) (infield hit)
Batting: LHB Harumi Sato 0-0: Called Strike
0-1: Fly out, F8 (Flyball, 8RD, EV 80.0 MPH)
Batting: RHB Juan Galindo 0-0: Called Strike
0-1: Ball
1-1: Fly out, F8 (Line Drive, 8RM, EV 110.0 MPH)
Bottom of the 2nd over - 0 runs, 1 hit, 0 errors, 1 left on base; Los Angeles 1 - Cleveland 0
TOP OF THE 3RD
Los Angeles Angels batting - Pitching for Cleveland Indians : RHP Joe Thompson
Batting: SHB Xavier Martínez 0-0: Ball
1-0: SINGLE (Line Drive, 8LS, EV 83.8 MPH)
Batting: RHB Stanley Blake 0-0: Ball
1-0: Grounds into double play, 6-4-3 (Groundball, 6, EV 97.5 MPH)
Batting: LHB Kenzaburo Sato 0-0: Ball
1-0: Called Strike
1-1: Ball
2-1: Foul Ball, location: 7LMF
2-2: Ball
3-2: Strikes out swinging
Top of the 3rd over - 0 runs, 1 hit, 0 errors, 0 left on base; Los Angeles 1 - Cleveland 0
BOTTOM OF THE 3RD
Cleveland Indians batting - Pitching for Los Angeles Angels : RHP Nathan Rose
Batting: SHB Adam Emery 0-0: Ball
1-0: Fly out, F8 (Flyball, 8RD, EV 100.6 MPH)
Batting: RHB Fedyenka Tiguntsev 0-0: Ball
1-0: Ground out 6-3 (Groundball, 6, EV 102.5 MPH)
Batting: RHB Cisco Reyes 0-0: SINGLE (Line Drive, 56, EV 95.0 MPH)
Batting: LHB Jorge Morán 0-0: Ball
1-0: Ball
2-0: Foul Ball, location: 5DF
2-1: Ball
3-1: Foul Ball, location: 23FF
3-2: Fly out, F9 (Flyball, 9, EV 88.8 MPH)
Bottom of the 3rd over - 0 runs, 1 hit, 0 errors, 1 left on base; Los Angeles 1 - Cleveland 0
TOP OF THE 4TH
Los Angeles Angels batting - Pitching for Cleveland Indians : RHP Joe Thompson
Batting: SHB Jeff Vaughn 0-0: Ball
1-0: Fly out, F8 (Flyball, 8RD, EV 97.5 MPH)
Batting: LHB Ma-huan Yan 0-0: Ball
1-0: Swinging Strike
1-1: Ball
2-1: Swinging Strike
2-2: Strikes out swinging
Batting: RHB Raúl Galló 0-0: Ball
1-0: Called Strike
1-1: Called Strike
1-2: Foul Ball, location: 5DF
1-2: Ball
2-2: Foul Ball, location: 25FF
2-2: Fly out, F8 (Flyball, 8RD, EV 110.0 MPH)
Top of the 4th over - 0 runs, 0 hits, 0 errors, 0 left on base; Los Angeles 1 - Cleveland 0
BOTTOM OF THE 4TH
Cleveland Indians batting - Pitching for Los Angeles Angels : RHP Nathan Rose
Batting: LHB Tony Locke 0-0: Ball
1-0: Ball
2-0: Called Strike
2-1: Ball
3-1: Base on Balls
Batting: RHB Mike Robinson 0-0: Foul Ball, location: 5F
0-1: Ball
1-1: Ball
2-1: Ball
3-1: Foul Ball, location: 9LSF
3-2: Foul Ball, location: 9LSF
3-2: DOUBLE (Line Drive, 7LS, EV 90.0 MPH)
Tony Locke to third
Runner from 3rd tries for Home, SAFE, throw by LF to home
Batting: LHB Ralph Brunskill 0-0: Ball
1-0: Called Strike
1-1: Foul Ball, location: 25F
1-2: Strikes out swinging
Batting: LHB Harumi Sato 0-0: Foul Ball, location: 2F
0-1: Ball
1-1: Ball
2-1: Ball
3-1: Base on Balls
Batting: RHB Juan Galindo 0-0: Called Strike
0-1: Ball
1-1: Ball
2-1: Swinging Strike
2-2: Foul Ball, location: 23FF
2-2: Strikes out swinging
Batting: SHB Adam Emery 0-0: Ball
1-0: Called Strike
1-1: Swinging Strike
1-2: Strikes out swinging
Bottom of the 4th over - 1 run, 1 hit, 0 errors, 2 left on base; Los Angeles 1 - Cleveland 1
TOP OF THE 5TH
Los Angeles Angels batting - Pitching for Cleveland Indians : RHP Joe Thompson
Batting: RHB Craig Martin 0-0: Swinging Strike
0-1: Ball
1-1: Called Strike
1-2: Ball
2-2: Foul Ball, location: 2F
2-2: Strikes out swinging
Batting: RHB Duncan Phillips 0-0: Called Strike
0-1: Swinging Strike
0-2: Ground out U3 (Groundball, 34S, EV 85.0 MPH)
Batting: RHB Tony Mora 0-0: Ball
1-0: Ball
2-0: Ball
3-0: Foul Ball, location: 9LSF
3-1: Called Strike
3-2: Foul Ball, location: 2F
3-2: Fly out, F9 (Flyball, 9, EV 96.9 MPH)
Top of the 5th over - 0 runs, 0 hits, 0 errors, 0 left on base; Los Angeles 1 - Cleveland 1
BOTTOM OF THE 5TH
Cleveland Indians batting - Pitching for Los Angeles Angels : RHP Nathan Rose
Batting: RHB Fedyenka Tiguntsev 0-0: Ball
1-0: Swinging Strike
1-1: Foul Ball, location: 9LSF
1-2: Ground out 6-3 (Groundball, 6, EV 96.9 MPH)
Batting: RHB Cisco Reyes 0-0: Ball
1-0: Called Strike
1-1: Fly out, F9 (Flyball, 9, EV 74.4 MPH)
Batting: LHB Jorge Morán 0-0: Foul Ball, location: 2F
0-1: Called Strike
0-2: Ground out 4-3 (Groundball, 4, EV 84.4 MPH)
Bottom of the 5th over - 0 runs, 0 hits, 0 errors, 0 left on base; Los Angeles 1 - Cleveland 1
TOP OF THE 6TH
Los Angeles Angels batting - Pitching for Cleveland Indians : RHP Joe Thompson
Batting: SHB Xavier Martínez 0-0: Fly out, F8 (Flyball, 8RD, EV 101.9 MPH)
Batting: RHB Stanley Blake 0-0: Ball
1-0: Called Strike
1-1: Ball
2-1: Foul Ball, location: 9LSF
2-2: SINGLE (Line Drive, 78S, EV 98.8 MPH)
Batting: LHB Kenzaburo Sato 0-0: Ball
1-0: Swinging Strike
1-1: Called Strike
1-2: Foul Ball, location: 7LMF
1-2: Foul Ball, location: 7LMF
1-2: Strikes out swinging
Batting: SHB Jeff Vaughn 0-0: Foul Ball, location: 9LSF
0-1: Called Strike
0-2: Ball
1-2: Ball
2-2: 2-RUN HOME RUN (Flyball, 7LD, EV 95.0 MPH), Distance : 354 ft
Batting: LHB Ma-huan Yan 0-0: Swinging Strike
0-1: Ball
1-1: Ball
2-1: Fly out, F9 (Flyball, 89M, EV 91.9 MPH)
Top of the 6th over - 2 runs, 2 hits, 0 errors, 0 left on base; Los Angeles 3 - Cleveland 1
BOTTOM OF THE 6TH
Cleveland Indians batting - Pitching for Los Angeles Angels : RHP Nathan Rose
Batting: LHB Tony Locke 0-0: Foul Ball, location: 2F
0-1: Ball
1-1: Called Strike
1-2: Strikes out swinging
Batting: RHB Mike Robinson 0-0: Ball
1-0: Foul Ball, location: 5FF
1-1: Called Strike
1-2: Ball
2-2: Foul Ball, location: 3DF
2-2: Strikes out swinging
Batting: LHB Ralph Brunskill 0-0: Called Strike
0-1: Ball
1-1: Foul Ball, location: 3FF
1-2: Ground out 4-3 (Groundball, 4, EV 85.6 MPH)
Bottom of the 6th over - 0 runs, 0 hits, 0 errors, 0 left on base; Los Angeles 3 - Cleveland 1
TOP OF THE 7TH
Los Angeles Angels batting - Pitching for Cleveland Indians : RHP Joe Thompson
Batting: RHB Raúl Galló 0-0: Ball
1-0: Foul Ball, location: 2F
1-1: Ball
2-1: Foul Ball, location: 23F
2-2: Ball
3-2: Strikes out swinging
Batting: RHB Craig Martin 0-0: Ball
1-0: Foul Ball, location: 2F
1-1: Ball
2-1: Called Strike
2-2: Ground out 6-3 (Groundball, 6, EV 91.9 MPH)
Batting: RHB Duncan Phillips 0-0: Ball
1-0: Ball
2-0: Swinging Strike
2-1: Ball
3-1: Called Strike
3-2: Ground out 1-3 (Groundball, 15S, EV 76.3 MPH)
Top of the 7th over - 0 runs, 0 hits, 0 errors, 0 left on base; Los Angeles 3 - Cleveland 1
BOTTOM OF THE 7TH
Cleveland Indians batting - Pitching for Los Angeles Angels : RHP Nathan Rose
Batting: LHB Harumi Sato 0-0: Fly out, F7 (Flyball, 7, EV 80.0 MPH)
Batting: RHB Juan Galindo 0-0: Ball
1-0: Ball
2-0: Ball
3-0: Base on Balls
Batting: SHB Adam Emery 0-0: Foul Ball, location: 2F
0-1: Ball
1-1: Hit by Pitch
Juan Galindo to second
Pinch Runner at 1st Hubert Merritt:
Batting: RHB Fedyenka Tiguntsev 0-0: 3-RUN HOME RUN (Flyball, 7LD, EV 94.4 MPH), Distance : 361 ft
Batting: RHB Cisco Reyes 0-0: Called Strike
0-1: Swinging Strike
0-2: Ball
1-2: Strikes out looking
Batting: LHB Jorge Morán 0-0: Called Strike
0-1: Ball
1-1: Swinging Strike
1-2: Ball
2-2: SINGLE (Groundball, 5D, EV 107.5 MPH)
Pitching: RHP António Mendoza
Batting: LHB Tony Locke 0-0: Called Strike
0-1: Foul Ball, location: 25F
0-2: Ground out 4-3 (Groundball, 34, EV 107.5 MPH)
Bottom of the 7th over - 3 runs, 2 hits, 0 errors, 1 left on base; Los Angeles 3 - Cleveland 4
TOP OF THE 8TH
Los Angeles Angels batting - Pitching for Cleveland Indians : RHP Joe Thompson
Pitching: LHP John Tolis
Now at 1B: Ralph Brunskill
Now at 3B: Mike Robinson
Now in LF: Hubert Merritt
Batting: RHB Tony Mora 0-0: Fly out, F8 (Flyball, 8RD, EV 96.9 MPH)
Pinch Hitting: RHB Marvin Cummings 0-0: Ball
1-0: SINGLE (Line Drive, 78S, EV 91.9 MPH)
Batting: RHB Stanley Blake 0-0: Ball
1-0: Ball
2-0: Swinging Strike
2-1: Swinging Strike
2-2: Ball
3-2: Grounds into double play, 4-6-3 (Groundball, 4, EV 104.4 MPH)
Top of the 8th over - 0 runs, 1 hit, 0 errors, 0 left on base; Los Angeles 3 - Cleveland 4
BOTTOM OF THE 8TH
Cleveland Indians batting - Pitching for Los Angeles Angels : RHP António Mendoza
Now at 2B: Jung-won Sop
Batting: RHB Mike Robinson 0-0: Ball
1-0: Ball
2-0: Ball
3-0: Called Strike
3-1: Base on Balls
Batting: LHB Ralph Brunskill 0-0: Foul Ball, location: 3F
0-1: 2-RUN HOME RUN (Flyball, 7D, EV 101.3 MPH), Distance : 390 ft
Batting: LHB Harumi Sato 0-0: Ball
1-0: Called Strike
1-1: Fly out, F8 (Flyball, 8LM, EV 87.5 MPH)
Batting: RHB Juan Galindo 0-0: Ball
1-0: Fly out, F9 (Flyball, 89M, EV 85.6 MPH)
Batting: RHB Hubert Merritt 0-0: Foul Ball, location: 2F
0-1: DOUBLE (Groundball, 5L, EV 95.0 MPH)
Batting: RHB Fedyenka Tiguntsev 0-0: Ball
1-0: Foul Ball, location: 2LF
1-1: Ball
2-1: Called Strike
2-2: Ground out 6-3 (Groundball, 6, EV 80.6 MPH)
Bottom of the 8th over - 2 runs, 2 hits, 0 errors, 1 left on base; Los Angeles 3 - Cleveland 6
TOP OF THE 9TH
Los Angeles Angels batting - Pitching for Cleveland Indians : LHP John Tolis
Pitching: RHP Jesús Morán
Batting: LHB Kenzaburo Sato 0-0: Ball
1-0: Ball
2-0: Foul Ball, location: 3FF
2-1: Called Strike
2-2: Foul Ball, location: 7LMF
2-2: Foul Ball, location: 7LMF
2-2: Ball
3-2: Fly out, F8 (Flyball, 8RD, EV 102.5 MPH)
Batting: SHB Jeff Vaughn 0-0: Swinging Strike
0-1: Ball
1-1: Ball
2-1: Called Strike
2-2: Foul Ball, location: 7LMF
2-2: Ball
3-2: Foul Ball, location: 2F
3-2: Strikes out looking
Batting: LHB Ma-huan Yan 0-0: Foul Ball, location: 23FF
0-1: Ball
1-1: Swinging Strike
1-2: Strikes out looking
Top of the 9th over - 0 runs, 0 hits, 0 errors, 0 left on base; Los Angeles 3 - Cleveland 6
Saturday, April 27th , 2024 - OOTP Baseball 24.10 Build 82